 Dungeon Crawl Stone Soup version 0.30-a0-629-gd54f4be (webtiles) character file.

Game seed: 7576188512876366534

2788 malesh the Slasher (level 9, 0/69 HPs)
             Began as a Demonspawn Gladiator on Jan 12, 2023.
             Was an Initiate of Wu Jian.
             Killed from afar by an acid dragon (22 damage)
             ... with a splash of acid
             ... on level 7 of the Dungeon.
             The game lasted 00:18:24 (6668 turns).

malesh the Slasher (Demonspawn Gladiator)           Turns: 6668, Time: 00:18:24

Health: 0/69       AC: 10    Str: 14    XL:     9   Next: 43%
Magic:  9/9        EV: 15    Int: 15    God:    Wu Jian [......]
Gold:   286        SH:  0    Dex: 22    Spells: 8/8 levels left

rFire   . . .      SeeInvis .    a - +9 rapier "Deyg" {flame, Drain Will+ Int+3 Dex+3}
rCold   + . .      Faith    .    (no shield)
rNeg    . . .      Spirit   .    t - +3 leather armour
rPois   .          Reflect  .    c - +0 helmet
rElec   .          Harm     .    (no cloak)
rCorr   .          Rampage  .    (gloves unavailable)
Will    +....                    s - +1 pair of boots
Stlth   ++                       (no amulet)
HPRegen 0.31/turn                m - ring of protection from cold
MPRegen 0.22/turn                B - +4 ring of protection

@: corroded
A: demonic guardian 2, magic regeneration, big brain 1, demonic touch 3
a: Renounce Religion


You were on level 7 of the Dungeon.
You worshipped Wu Jian.
Wu Jian was noncommittal.
You visited 2 branches of the dungeon, and saw 8 of its levels.

You collected 376 gold pieces.
You spent 90 gold pieces at shops.

Inventory:

Hand Weapons
 a - the +9 rapier "Deyg" (weapon) {flame, Drain Will+ Int+3 Dex+3}
   (You found it on level 6 of the Dungeon)

   Int:       It affects your intelligence (+3).
   Dex:       It affects your dexterity (+3).
   Drain:     It drains your maximum health when unequipped.
   Will:      It increases your willpower.
 C - a +0 long sword
Missiles
 d - 4 throwing nets (quivered)
 e - a javelin
Armour
 c - a +0 helmet (worn)
 s - a +1 pair of boots (worn)
 t - a +3 leather armour (worn)
Jewellery
 m - a ring of protection from cold (left hand)
 q - a ring of positive energy
 B - a +4 ring of protection (right hand)
Scrolls
 b - a scroll of poison
 g - a scroll of vulnerability
 n - 2 scrolls of fear
 p - 2 scrolls of fog {unknown}
 u - a scroll of enchant weapon {unknown}
 w - a scroll of immolation {unknown}
 y - a scroll of magic mapping {unknown}
Potions
 f - a potion of ambrosia {unknown}
 h - a potion of brilliance {unknown}
 i - 2 potions of might {unknown}
 j - a potion of heal wounds {unknown}
 k - 2 potions of attraction {unknown}
 l - 3 potions of mutation {unknown}
 o - 7 potions of curing
 r - a potion of magic {unknown}
 v - a potion of flight {unknown}
 x - 2 potions of haste {unknown}
 z - a potion of lignification {unknown}


   Skills:
 + Level 5.8 Fighting
 + Level 3.4(5.6) Short Blades
 - Level 7.0(7.4) Long Blades
 + Level 2.1 Throwing
 + Level 5.6 Armour
 + Level 5.7 Dodging


You had 8 spell levels left.
You didn't know any spells.
Your spell library contained the following spells:

 Spells                   Type           Power      Damage    Failure   Level
 Necrotise                Necr           0%         1d4       32%         1
 Blink                    Tloc           0%         N/A       45%         2
 Momentum Strike          Conj/Tloc      0%         3d8       45%         2
 Scorch                   Fire           0%         2d5       45%         2
 Gell's Gravitas          Tloc           0%         N/A       69%         3
 Ignite Poison            Fire/Tmut/Pois 0%         N/A       69%         3
 Kindle Blastsparks       Fire/Tloc/Air  0%         2d10      69%         3
 Lesser Beckoning         Tloc           0%         N/A       69%         3
 Teleport Other           Tloc           0%         N/A       69%         3
 Vampiric Draining        Necr           0%         2d6       69%         3
 Flame Wave               Conj/Fire      0%         2d4       97%         4
 Agony                    Necr           0%         N/A       100%        5
 Freezing Cloud           Conj/Ice/Air   0%         6-21      100%        5
 Dispersal                Tloc           0%         N/A       100%        6
 Summon Cactus Giant      Summ           0%         N/A       100%        6


Dungeon Overview and Level Annotations

Branches:
Dungeon (7/15)             Temple (1/1) D:7

Altars:
Ashenzari
Cheibriados
Dithmenos
Fedhas
Gozag
Hepliaklqana
Kikubaaqudgha
Nemelex Xobeh
Okawaru
Qazlal
Sif Muna
Uskayaw
Wu Jian
Xom
Yredelemnul

Annotations:
D:6 2 transporters, myxocpahck's ghost, novice MeFi


Innate Abilities, Weirdness & Mutations

A demonic guardian rushes to your aid.
You regenerate magic rapidly.
You have an unusually large brain. (Int +2)
Your touch may irresistibly damage your foes and sap their willpower.


Message History

You are too injured to fight recklessly!
You are too injured to fight recklessly!
You hit the yak. You burn the yak.
The yak is lightly wounded.
The yak gores you!
A demonic guardian appears!
You hit the yak. You burn the yak.
You touch the yak!
You sap its willpower!
The yak is heavily wounded.
The yak barely misses you. The yak closely misses you.
You hit the yak. You burn the yak.
You touch the yak!
You sap its willpower!
The yak is almost dead.
The yak gores you!
Your ice devil hits the yak!
The yak dies!
The Council accepts your kill.
Your ice devil hits the kobold demonologist but does no damage.
You hit the kobold demonologist. You burn the kobold demonologist.
The kobold demonologist is lightly wounded.
The kobold demonologist casts a cantrip, but nothing happens.
You hit the kobold demonologist but do no damage.
You touch the kobold demonologist!
You sap its willpower!
The kobold demonologist is moderately wounded.
Your ice devil hits the kobold demonologist.
Your ice devil freezes the kobold demonologist!
The kobold demonologist hits you but does no damage.
You writhe in agony.
You barely miss the kobold demonologist.
Your touch misses the kobold demonologist.
The kobold demonologist is severely wounded.
Your ice devil hits the kobold demonologist!
Your ice devil freezes the kobold demonologist!
The kobold demonologist dies!
The Council accepts your kill.
Your base Short Blades skill increases to level 3!
You hit the acid dragon. You burn the acid dragon.
You touch the acid dragon!
You sap its willpower!
The acid dragon is heavily wounded.
Your ice devil closely misses the acid dragon.
The acid dragon spits acid at you. The splash of acid hits you!!
You die...

#...##.##.##.
.##.###..#####..#
#.####.#.##.. ..##.#..##
##.. ... #.#.#... ..[#ā€
#.## ##. ###
#...#.!)#..:#..#.# #.#
#.#.#.......#.#.## ##.
#.#.##.....##.#.(# #..
..##.##..)# .###..# #..#
##..##.##D##.##.##..#
#..## ...
##.4.@.##...##..#..##.
.#...###.###..#..###.###..
. .#.........###.........#
###.....### ##.####.###
##.#.######..####.#
#.###.........eā—‹ā—‹.# ##
.#########E#### # #T# #
###.## #


You could see an acid dragon (catching breath, weak-willed, ally target) and a
friendly ice devil (summoned).

Vanquished Creatures
  An unseen horror (D:7)
  2 shadows
  4 water moccasins
  A sky beast (D:7)
  An ice beast (D:7)
  A black bear (D:6)
  A centaur (D:7)
  2 necrophages
  2 scorpions
  3 wights
  A howler monkey (D:7)
  4 jellies
  3 hounds
  6 iguanas
  2 orc wizards
  7 adders
  A white imp (D:7)
  2 ufetubi
  A dart slug (D:5)
  2 worms (D:2)
  14 orcs
  5 endoplasms
  2 giant cockroaches
  11 goblins
  3 hobgoblins (D:2)
  18 jackals
  3 quokkas
  4 ball pythons
  3 bats
  2 frilled lizards (D:3)
  8 kobolds
  7 rats
127 creatures vanquished.

Vanquished Creatures (collateral kills)
  A kobold demonologist (D:7)
  A yak (D:7)
2 creatures vanquished.

Vanquished Creatures (others)
  8 plants
8 creatures vanquished.

Grand Total: 137 creatures vanquished

Notes
Turn   | Place    | Note
-------+----------+-------------------------------------------
     0 | D:1      | malesh the Demonspawn Gladiator began the quest for the
                  | Orb.
     0 | D:1      | Reached XP level 1. HP: 16/16 MP: 1/1
   191 | D:1      | Found a faded altar of an unknown god.
   693 | D:1      | Gained mutation: Your touch may inflict minor irresistible
                  | damage on your foes. [demonic ancestry]
   693 | D:1      | Reached XP level 2. HP: 22/22 MP: 2/2
   959 | D:2      | Reached skill level 3 in Long Blades
  1007 | D:2      | Gained mutation: A weak demonic guardian rushes to your
                  | aid. [demonic ancestry]
  1007 | D:2      | Reached XP level 3. HP: 27/27 MP: 3/3
  1561 | D:3      | Found a hide-covered altar of Uskayaw.
  1660 | D:3      | Gained mutation: Your touch may inflict irresistible damage
                  | on your foes. [demonic ancestry]
  1660 | D:3      | Reached XP level 4. HP: 30/34 MP: 4/4
  2029 | D:4      | Reached skill level 1 in Armour
  2081 | D:4      | Reached skill level 4 in Long Blades
  2194 | D:4      | Gained mutation: You regenerate magic rapidly. [demonic
                  | ancestry]
  2194 | D:4      | Reached XP level 5. HP: 35/39 MP: 5/5
  2778 | D:4      | Gained mutation: A demonic guardian rushes to your aid.
                  | [demonic ancestry]
  2778 | D:4      | Reached XP level 6. HP: 44/46 MP: 6/6
  3271 | D:5      | Entered Level 5 of the Dungeon
  3323 | D:5      | Noticed a water moccasin
  3323 | D:5      | Noticed a water moccasin
  3335 | D:5      | Killed a water moccasin
  3336 | D:5      | Reached skill level 5 in Long Blades
  3410 | D:5      | Killed a water moccasin
  3411 | D:5      | Gained mutation: You have an unusually large brain. (Int
                  | +2) [demonic ancestry]
  3411 | D:5      | Reached XP level 7. HP: 33/52 MP: 7/7
  3659 | D:5      | Found a hazy altar of Hepliaklqana.
  3823 | D:5      | Found a shimmering blue altar of Sif Muna.
  4260 | D:5      | Reached skill level 6 in Long Blades
  4524 | D:6      | Found a transporter.
  4537 | D:6      | Noticed myxocpahck's ghost (novice MeFi)
  4552 | D:6      | Found Zin's Purification Station.
  4561 | D:6      | Bought a potion of curing for 90 gold pieces
  4602 | D:6      | Found a transporter.
  4847 | D:6      | Gained mutation: Your touch may irresistibly damage your
                  | foes and sap their willpower. [demonic ancestry]
  4847 | D:6      | Reached XP level 8. HP: 56/60 MP: 8/8
  5146 | D:6      | Reached skill level 7 in Long Blades
  5467 | D:6      | Identified the +9 rapier "Deyg" {flame, Drain Will+ Int+3
                  | Dex+3}
  5690 | D:7      | Found a staircase to the Ecumenical Temple.
  5708 | Temple   | Entered the Ecumenical Temple
  5867 | Temple   | Became a worshipper of the Wu Jian Council
  6176 | D:7      | Reached skill level 1 in Short Blades
  6180 | D:7      | Reached skill level 5 in Armour
  6184 | D:7      | Reached skill level 5 in Fighting
  6184 | D:7      | Reached skill level 5 in Dodging
  6280 | D:7      | Noticed a deep elf pyromancer
  6280 | D:7      | Noticed a troll
  6308 | D:7      | Killed an unseen horror
  6309 | D:7      | Reached XP level 9. HP: 16/68 MP: 9/9
  6656 | D:7      | Noticed a kobold demonologist
  6667 | D:7      | Killed a kobold demonologist
  6668 | D:7      | Killed from afar by an acid dragon

Illustrated notes

Levels and vault maps discovered:
D:1:      psy_arrival_fountain, layout_loops_corners,
          shapermc_ecumenical_altar_mp_ritualfount
D:2:      layout_rooms
D:3:      layout_rooms, lemuel_doored_altar, saegor_snake_ambush
D:4:      layout_layer_cave
D:5:      wander_river, layout_basic, mainiacjoe_overflow_brackets,
          nicolae_overflow_crystal_walls, tso_metal_star, serial_bayou,
          serial_bayou_shore_b, serial_bayou_shore_b, minmay_checkerbox
D:6:      corexii_shack_village, layout_basic, zin_purify,
          gammafunk_ghost_stat_death
D:7:      minmay_the_grid_octo_2x2 [minmay_the_grid_octo_clover_2,
          minmay_the_grid_octo_77, minmay_the_grid_octo_fat_diamond,
          minmay_the_grid_octo_prize_big_c], layout_loops_corners,
          minmay_temple_entry_trees, minmay_parallelograms, minmay_small_thing
Temple:   hellmonk_temple_forest_ring

Skill      XL: |  1  2  3  4  5  6  7  8  9 |
---------------+----------------------------+-----
Throwing       | 2 |  2.1
Long Blades    | 3 4 5 6 7 |  7.0
Dodging        | 3 4 5 |  5.7
Armour         | 1 2 3 5 |  5.6
Fighting       | 3 5 |  5.8
Short Blades   | 2 3 |  3.4

Action                   |  1- 3 |  4- 6 |  7- 9 || total
-------------------------+-------+-------+-------++-------
Melee: Long sword        |    98 |    87 |    77 ||   262
       Touch             |     9 |    16 |    29 ||    54
       Punch             |       |     2 |       ||     2
       Rapier            |       |       |    66 ||    66
Invok: Lunge             |       |       |     2 ||     2
  Use: Scroll            |       |     6 |     2 ||     8
 Stab: Sleeping          |     2 |     2 |       ||     4
Armor: Leather armour    |    34 |    30 |    59 ||   123
Dodge: Dodged            |    68 |    51 |    84 ||   203

Table legend: (Time is in decaauts)
 A = Elapsed time spent in this place.
 B = Non-inter-level travel time spent in this place.
 C = Inter-level travel time spent in this place.
 D = Time resting spent in this place.
 E = Time spent auto-exploring this place.
 F = Levels seen in this place.
 G = Mean time per level.
                   A        B        C        D        E       F      G
               +--------+--------+--------+--------+--------+-----+--------+
         Total |   6764 |   6502 |    262 |    527 |   4990 |   8 |  845.5 |
       Dungeon |   6594 |   6355 |    239 |    527 |   4854 |   7 |  942.0 |
        Temple |    170 |    147 |     23 |      0 |    136 |   1 |  170.0 |
               +--------+--------+--------+--------+--------+-----+--------+

Top non-repeatable levels by time:
     D:6: 1516 daAuts
     D:4: 1271 daAuts
     D:5: 1072 daAuts
     D:1: 962 daAuts
     D:7: 670 daAuts
     D:2: 567 daAuts
     D:3: 533 daAuts
  Temple: 170 daAuts
